 Dungeon Crawl Stone Soup version 0.21.1-1-g345015f (webtiles) character file.

233 ChromeMolly the Magician (level 6, -3/38 HPs)
             Began as an Octopode Wanderer on Feb 20, 2018.
             Slain by an orc
             ... wielding a +0 mace
              (8 damage)
             ... on level 3 of the Dungeon.
             The game lasted 00:13:30 (2332 turns).

ChromeMolly the Magician (Octopode Wanderer)        Turns: 2332, Time: 00:13:31

Health: -3/38      AC:  1    Str: 11    XL:     6   Next: 4%
Magic:  13/13      EV: 12    Int: 16    God:
Gold:   143        SH:  0    Dex: 12    Spells: 8/14 levels left

rFire    . . .     SeeInvis .   d - +0 dagger
rCold    . . .     Gourm    .   (no shield)
rNeg     . . .     Faith    .   (helmet restricted)
rPois    .         Spirit   .   (no amulet)
rElec    .         Reflect  .   (no ring)
rCorr    .         Harm     .   (no ring)
MR       .....                  (no ring)
Stlth    ++++......             (no ring)
HPRegen  0.12/turn              (no ring)
MPRegen  0.13/turn              (no ring)
                                (no ring)
                                (no ring)

@: lethally poisoned (-3 -> -16)
A: almost no armour, stealthy swim, amphibious, 8 rings, constrict 8, camouflage
1, gelatinous body 1
a: no special abilities


You were on level 3 of the Dungeon.
You were not hungry.

You visited 1 branch of the dungeon, and saw 3 of its levels.

You collected 143 gold pieces.

Inventory:

Hand Weapons
 d - a +0 dagger (weapon)
Missiles
 e - 196 stones (quivered)
Wands
 h - a wand of iceblast (2)
Scrolls
 b - a scroll of teleportation
 g - 2 scrolls of remove curse
 i - a scroll of enchant weapon {unknown}
Books
 a - a book of Minor Magic

   Spells                             Type                      Level
   a - Magic Dart                     Conjuration                  1
   b - Blink                          Translocation                2
   c - Call Imp                       Summoning                    2
   d - Slow                           Hexes                        2
   e - Conjure Flame                  Conjuration/Fire             3
   f - Mephitic Cloud                 Conjuration/Poison/Air       3
 c - Inua's Reference Book on the Compass

   Spells                             Type                      Level
   a - Shroud of Golubria             Charms/Translocation         2
   b - Blink                          Translocation                2
Comestibles
 f - 5 rations
 k - 9 chunks of flesh


   Skills:
 + Level 1.2 Fighting
 + Level 2.1 Short Blades
 + Level 2.0 Throwing
 + Level 0.7 Dodging
 + Level 4.3 Stealth
 + Level 4.8 Spellcasting
 + Level 0.4 Conjurations
   Level 1.0 Hexes
   Level 1.0 Charms
   Level 1.0 Summonings
 + Level 1.0 Translocations
 + Level 1.1 Evocations


You had 8 spell levels left.
You knew the following spells:

 Your Spells              Type           Power        Failure   Level  Hunger
a - Magic Dart            Conj           #...         13%         1    None
b - Blink                 Tloc           N/A          16%         2    ##.....
c - Mephitic Cloud        Conj/Pois/Air  #.......     41%         3    ###....


Dungeon Overview and Level Annotations

Branches:
Dungeon (3/15)

Altars:
Qazlal

Annotations:
D:3 Ijyb


Innate Abilities, Weirdness & Mutations

You cannot wear most types of armour.
You are very stealthy in the water. (Stealth+)
You are amphibious.
You can wear up to eight rings at the same time.
You can use your tentacles to constrict eight enemies at once.
Your skin changes colour to match your surroundings (Stealth+).
Your rubbery body absorbs attacks. (AC +1, EV +1)


Message History

The orc closely misses you. Ijyb barely misses you.
The orc priest barely misses you. The jackal closely misses you.
You hit the orc.
You kill the orc!
You constrict the orc priest.
You feel sick.
The orc priest mumbles some strange prayers to Beogh against you.
Beogh smites you!
* * * LOW HITPOINT WARNING * * *
The jackal bites you but does no damage.
Ijyb closely misses you. The orc hits you but does no damage.
You hit the orc priest but do no damage.
The orc priest is severely wounded.
You constrict the orc priest, but do no damage.
* * * LOW HITPOINT WARNING * * *
You feel sick. The orc priest misses you. The jackal closely misses you.
The orc priest looks braver for a moment.
Ijyb hits you with a club.
* * * LOW HITPOINT WARNING * * *
The orc closely misses you. The orc hits you with a mace!
You die...

#.# ##### #.# #...
#.#######.####.###
............)....#
# #.###
#.........##<###
..#
#..####.........
########..#
#..$##.###
#.......# #.og#
###.####).# #.h@#
....# ##..# #.oo#
##### #...# #..o#
#.#.# #.... #.#.#
##.### #.#.# ...
#.#.# .## #...# #.
#.###


You could see Ijyb, 2 orc priests, 2 orcs and a jackal.

Vanquished Creatures
  The ghost of wevryn the Magician, an amateur DEVM of Vehumet (D:3)
  Jessica (D:2)
  3 adders
  3 oozes
  3 dart slugs
  A leopard gecko (D:1)
  An orc (D:3)
  3 bats
  A giant cockroach (D:3)
  7 goblins
  6 hobgoblins
  4 jackals (D:3)
  2 quokkas
  5 frilled lizards
  8 kobolds
  6 rats
55 creatures vanquished.

Notes
Turn   | Place    | Note
-------+----------+-------------------------------------------
     0 | D:1      | ChromeMolly the Octopode Wanderer began the quest for the Orb.
     0 | D:1      | ChromeMolly set off with: a book of Minor Magic, a scroll of teleportation, Inua's Reference Book on the Compass, a +0 dagger, a ration
     0 | D:1      | Reached XP level 1. HP: 11/11 MP: 5/5
    65 | D:1      | Reached XP level 2. HP: 16/17 MP: 7/7
    74 | D:1      | Identified Inua's Reference Book on the Compass
    76 | D:1      | Learned a level 1 spell: Magic Dart
   662 | D:1      | Reached XP level 3. HP: 19/21 MP: 9/9
   880 | D:1      | Reached skill level 1 in Stealth
  1346 | D:1      | Learned a level 2 spell: Blink
  1785 | D:2      | Reached XP level 4. HP: 26/27 MP: 8/10
  1929 | D:2      | Noticed Jessica
  1936 | D:2      | Killed Jessica
  1936 | D:2      | Reached skill level 1 in Short Blades
  2058 | D:2      | Learned a level 3 spell: Mephitic Cloud
  2126 | D:3      | Found a stormy altar of Qazlal.
  2127 | D:3      | Noticed wevryn's ghost (amateur DEVM)
  2136 | D:3      | Killed wevryn's ghost
  2136 | D:3      | Reached skill level 1 in Fighting
  2136 | D:3      | Reached XP level 5. HP: 28/33 MP: 7/12
  2313 | D:3      | Reached XP level 6. HP: 38/38 MP: 13/13
  2324 | D:3      | Noticed Ijyb
  2332 | D:3      | Slain by an orc

Skill      XL: |  1  2  3  4  5 |
---------------+----------------+-----
Stealth        | 2 4 |  4.3
Short Blades   | 1 2 |  2.1
Fighting       | 1 |  1.2
Throwing       | 2 |  2.0
Dodging        | |  0.7
Spellcasting   | |  4.8
Conjurations   | |  0.4
Hexes          | |  1.0
Charms         | |  1.0
Summonings     | |  1.0
Translocations | |  1.0
Evocations     | |  1.1

Action                   |  1- 3 |  4- 6 || total
-------------------------+-------+-------++-------
Melee: Dagger            |    81 |    46 ||   127
       Constrict         |    13 |    11 ||    24
       Tentacles         |    12 |    11 ||    23
Throw: Stone             |    22 |     4 ||    26
 Cast: Magic Dart        |     3 |     7 ||    10
  Use: Scroll            |     5 |     1 ||     6
       Potion            |       |     2 ||     2
 Stab: Sleeping          |    10 |     5 ||    15
  Eat: Chunk             |     3 |     1 ||     4
Armor: Skin              |       |     5 ||     5
Dodge: Dodged            |    40 |    33 ||    73
